 Dungeon Crawl Stone Soup version 0.31.0-9-g3a7656b989 (webtiles) character file.

Game seed: 17959978926820637087

57 qw the Shooter (level 3, -1/20 HPs)
             Began as a Deep Elf Hunter on Feb 2, 2024.
             Incinerated by a bombardier beetle (6 damage)
             ... with a burning spray
             ... on level 3 of the Dungeon.
             The game lasted 00:00:10 (2325 turns).

qw the Shooter (Deep Elf Hunter)                    Turns: 2325, Time: 00:00:10

Health: -1/20      AC:  7    Str: 10    XL:     3   Next: 73%
Magic:  5/5        EV: 11    Int: 13    God:
Gold:   35         SH:  0    Dex: 24    Spells: 2/2 levels left

rFire   . . .        a - +0 shortbow
rCold   . . .        (shield currently unavailable)
rNeg    + . .        k - +0 ring mail
rPois   +            (no helmet)
rElec   .            (no cloak)
rCorr   .            (no gloves)
SInv    .            l - +1 pair of boots
Will    .....        (no amulet)
Stlth   +            j - ring of positive energy
HPRegen 0.23/turn    m - +6 ring of dexterity
MPRegen 0.09/turn

%: no passive effects
@: on fire, about to teleport, glowing
A: poison resistance
a: no special abilities


You were on level 3 of the Dungeon.
You visited 1 branch of the dungeon, and saw 3 of its levels.

You collected 79 gold pieces.
You spent 44 gold pieces at shops.


Innate Abilities, Weirdness & Mutations

Your system is resistant to poisons. (rPois)


   Skills:
 - Level 1.5 Fighting
 + Level 7.2 Ranged Weapons
 - Level 2.4 Dodging
 - Level 1.2 Stealth


You had 2 spell levels left.
You didn't know any spells.
Your spell library was empty.

Inventory:

Hand Weapons
 a - a +0 shortbow (weapon)
Armour
 k - a +0 ring mail (worn)
 l - a +1 pair of boots (worn)
Jewellery
 j - a ring of positive energy (left hand)
 m - a +6 ring of dexterity (right hand)
Scrolls
 c - a scroll of identify
 e - a scroll of torment {unknown}
 i - a scroll of amnesia {unknown}
Potions
 d - a potion of cancellation
 f - a potion of curing {unknown}
 g - a potion of resistance
 h - a potion of mutation

Dungeon Overview and Level Annotations

Branches:
Dungeon (3/15)

Altars:
Elyvilon

Shops:
D:2 ?


Message History

Found a falchion.
You see here a +0 falchion.
Found a white marble altar of Elyvilon.
Found a pair of boots.
Found a stone staircase leading down.
There is a stone staircase leading down here.
A quokka comes into view.
Enter note:
Enter note:
Enter note: The quokka bites the plant.
The plant begins to die.
A nearby plant withers and dies.
You shoot an arrow. The arrow completely misses the quokka.
You shoot an arrow. The arrow hits the quokka.
You kill the quokka!
You see here a quokka corpse.
You enter the shallow water.
Moving in this stuff is going to be slow.
You enter the shallow water.
Moving in this stuff is going to be slow.
You open the door.
A bombardier beetle comes into view.
The bombardier beetle sprays incendiary fluid at you.
The burning spray hits you.
You are covered in liquid fire!
You shoot an arrow.
The arrow closely misses the bombardier beetle.
The liquid fire burns you!
You shoot an arrow. The arrow hits the bombardier beetle.
The bombardier beetle is moderately wounded.
The liquid fire burns you!
You shoot an arrow.
The arrow hits the bombardier beetle but does no damage.
The bombardier beetle is moderately wounded.
The liquid fire burns you!
2325 ||| READING scroll of teleportation.
As you read the scroll of teleportation, it crumbles to dust.
You feel strangely unstable. The liquid fire burns you!
You die...

#......[..## #.#.# #####PP~~P.P
...7._.7...#####.#.# #.....PPP~P#
......r........#.#.# #.##..%.....
#~..7..~#####.....###.##..##..##
.#~~...~~#.................##.#.#
.###...#######....#######.##...#.
.........#####.#.## #.###...#
#..#...#...>...#.# #........
##.#.###.#######@# ######.##
#.#.# #.# #'# #.# #.#.###.# ...
#.# #.......# .B... ## #.#
###.#.### ....... ##.###.#
##....####......... ##...##.##
#........+.......... ..........
#.#...####.7777.....#####.##.##
#.##.## #.##.##


You could see a bombardier beetle.

Vanquished Creatures
  An adder (D:3)
  A dart slug (D:1)
  A ribbon worm (D:3)
  7 endoplasms
  5 giant cockroaches
  4 goblins
  5 hobgoblins
  A quokka (D:3)
  2 ball pythons
  3 bats
  3 frilled lizards
  A kobold (D:1)
  6 rats
40 creatures vanquished.

Notes
Turn   | Place    | Note
-------+----------+-------------------------------------------
     0 | D:1      | qw the Deep Elf Hunter began the quest for the Orb.
     0 | D:1      | Reached XP level 1. HP: 12/12 MP: 3/3
     0 | D:1      | 0 ||| qw: Version: 0.3-a-155-g5e7d8dd
     0 | D:1      | 0 ||| qw: Game counter: 995
     0 | D:1      | 0 ||| qw: Melee chars always use a shield: true
     0 | D:1      | 0 ||| qw: God list: Okawaru
     0 | D:1      | 0 ||| qw: Allow faded altars: false
     0 | D:1      | 0 ||| qw: Do Orc after clearing Dungeon:15 true
     0 | D:1      | 0 ||| qw: Do second Lair branch before Depths: true
     0 | D:1      | 0 ||| qw: Lair rune preference: random
     0 | D:1      | 0 ||| qw: Goals: Normal
     0 | D:1      | 0 ||| PLANNING D:1-11
   325 | D:1      | 325 ||| DROPPING scroll of butterflies.
   576 | D:1      | Reached XP level 2. HP: 16/16 MP: 4/4
   621 | D:1      | Reached skill level 6 in Ranged Weapons
  1180 | D:1      | 1180 ||| DROPPING +6 ring of intelligence.
  1181 | D:1      | 1181 ||| READING 2 scrolls labelled CUYNID SEIXOT.
  1181 | D:1      | 1181 ||| IDENTIFYING white potion
  1182 | D:1      | 1182 ||| READING scroll of identify.
  1182 | D:1      | 1182 ||| IDENTIFYING grey potion
  1183 | D:1      | 1183 ||| DRINKING 2 metallic purple potions.
  1183 | D:1      | Gained mutation: Your system is resistant to poisons.
                  | (rPois) [potion of mutation]
  1184 | D:1      | 1184 ||| DROPPING potion of ambrosia.
  1194 | D:2      | 1194 ||| STAIRDANCE
  1276 | D:2      | Reached XP level 3. HP: 20/20 MP: 5/5
  1455 | D:2      | Found Pesoed's Magic Scroll Shop.
  1468 | D:2      | 1468 ||| SHOPLISTING scroll of enchant armour (82 gold,
                  | have 74).
  1468 | D:2      | 1468 ||| SHOPLISTING scroll of enchant weapon (82 gold,
                  | have 74).
  1468 | D:2      | 1468 ||| BUYING scroll of identify (22 gold).
  1468 | D:2      | Bought a scroll of identify for 22 gold pieces
  1468 | D:2      | 1468 ||| BUYING scroll of identify (22 gold).
  1468 | D:2      | Bought a scroll of identify for 22 gold pieces
  1794 | D:2      | 1794 ||| UPGRADING to +0 ring mail.
  1804 | D:2      | 1804 ||| DROPPING +0 leather armour.
  1805 | D:2      | 1805 ||| UPGRADING to +1 pair of boots.
  1810 | D:2      | 1810 ||| UPGRADING to ring of positive energy.
  1811 | D:2      | 1811 ||| UPGRADING to +6 ring of dexterity.
  1812 | D:2      | 1812 ||| READING 3 scrolls of identify.
  1812 | D:2      | 1812 ||| IDENTIFYING sedimented white potion
  1813 | D:2      | 1813 ||| READING 2 scrolls of identify.
  1813 | D:2      | 1813 ||| IDENTIFYING purple potion
  1814 | D:2      | 1814 ||| READING scroll of identify.
  1814 | D:2      | 1814 ||| IDENTIFYING smoky coppery potion
  1815 | D:2      | 1815 ||| READING 2 scrolls labelled WOOWIO DUOR.
  1816 | D:2      | 1816 ||| READING scroll labelled IMOBUIQOOS.
  1821 | D:2      | 1821 ||| DROPPING scroll of fog.
  1822 | D:2      | 1822 ||| DROPPING potion of lignification.
  1823 | D:2      | 1823 ||| DROPPING potion of degeneration.
  1900 | D:3      | Reached skill level 7 in Ranged Weapons
  2105 | D:3      | Found a faded altar of an unknown god.
  2229 | D:3      | Found a white marble altar of Elyvilon.
  2324 | D:3      | HP: 5/20 [burnt (6)]
  2325 | D:3      | 2325 ||| READING scroll of teleportation.
  2325 | D:3      | Incinerated by a bombardier beetle

Levels and vault maps discovered:
D:1:      dpeg_arrival_prison, layout_loops_ring, serial_forest,
          infiniplex_forest_fountain, infiniplex_forest_lined_3,
          infiniplex_forest_lined_4_way, infiniplex_forest_clump_small,
          infiniplex_forest_zigzag_1, infiniplex_forest_lined_room_3,
          infiniplex_forest_corner_2, infiniplex_forest_lined_room_2,
          infiniplex_forest_end_1, chequers_serial_rivers_micro_a,
          minmay_misc_feat_alley
D:2:      layout_loops_ring, serial_shops,
          nicolae_shop_temple_entry_statues_fountains
D:3:      layout_loops_corners, elyvilon_altar_4, mainiacjoe_overflow_alcove_1,
          chequers_ecumenical_altar_twisty, serial_bayou_lagoon_a,
          serial_bayou_ford_a, minmay_box_of_dots

Skill      XL: |  1  2  3 |
---------------+----------+-----
Ranged Weapons | 6 7 |  7.2
Fighting       | |  1.5
Dodging        | |  2.4
Stealth        | |  1.2

Action                     || total
---------------------------++-------
   Fire: Shortbow          ||   302
    Use: Scroll            ||     8
         Potion            ||     1
 Armour: Leather armour    ||     8
         Ring mail         ||     3
  Dodge: Dodged            ||    20

Table legend:
 A = Non-vault XP
 B = Vault XP
 C = Vault XP percentage of total XP
 D = Non-vault monster count
 E = Vault monster count
 F = Vault count percentage of total count
                 A         B        C        D         E       F
            +---------+---------+-------+---------+---------+-------
      Total |      58 |      24 |  29.3 |      33 |       7 |  17.5
            +---------+---------+-------+---------+---------+-------
        D:1 |      23 |       8 |  25.8 |      14 |       5 |  26.3
        D:2 |      29 |       0 |   0.0 |      17 |       0 |   0.0
        D:3 |       6 |      16 |  72.7 |       2 |       2 |  50.0
            +---------+---------+-------+---------+---------+-------
